AoeStats
← Lord Ulrich

Arabia

509730925Analyzed
1v1 RM · 5d ago on Sep 27, 2026· 23m 58s· 2 players
Game mode
Random Map
Map size
Tiny (2 player)
Population
200
Speed
Normal
Resources
Standard
Victory
Conquest
Starting age
Dark Age
Ending age
Imperial Age
RankedLock teamsTeams togetherTeam positionsShared explorationLock speedFull tech treeHidden civsTurbo modeCheats
Victory
Defeat
🇨🇦 Britons · Canada
560
+15
🇲🇽 Persians · Mexico
549
-15
Lord Ulrich
9:08 Loom
11:33 Feudal Age
22:30 Castle Age
23:24 Horse Collar
23:31 Double-Bit Axe
Lucinka
9:30 Loom
12:22 Feudal Age
19:18 Castle Age
17:54 Fletching
18:05 Padded Archer Armor
18:52 Double-Bit Axe
19:34 Stone Mining
20:41 Leather Archer Armor
22:16 Bow Saw
Connection lost

Rejoining the realm…

Still unreachable

The connection could not be restored.

Session expired

The server has moved on; the page needs a fresh start.